 Dungeon Crawl Stone Soup version 0.21-b1-19-g8321a34dda (webtiles) character file.

499 Ivernyr the Archer (level 6, -5/51 HPs)
             Began as a Centaur Hunter on Jan 3, 2018.
             Slain by a phantom (9 damage)
             ... on level 5 of the Dungeon on Jan 4, 2018.
             The game lasted 00:45:29 (7263 turns).

Ivernyr the Archer (Centaur Hunter)                 Turns: 7263, Time: 00:45:29

Health: -5/51      AC:  9    Str: 15    XL:     6   Next: 94%
Magic:  6/6        EV:  8    Int: 10    God:
Gold:   245        SH:  3    Dex: 11    Spells: 5/5 levels left

rFire    . . .     SeeInvis .     - Unarmed
rCold    + . .     Gourm    .   (no shield)
rNeg     . . .     Faith    .   (no armour)
rPois    +         Spirit   .   s - +1 helmet
rElec    .         Reflect  +   (no cloak)
rCorr    .         Harm     .   (no gloves)
MR       .....                  y - +0 centaur barding
Stlth    +.........             j - +3 amulet of reflection
HPRegen  0.17/turn              q - ring of poison resistance
MPRegen  0.10/turn              r - ring of protection from cold

@: very quick
A: large, hooves 3, deformed body, speed 2, tough skin 3
a: no special abilities


You were on level 5 of the Dungeon.
You were near starving.

You visited 1 branch of the dungeon, and saw 5 of its levels.

You collected 245 gold pieces.

Inventory:

Hand Weapons
 a - a +1 shortbow
Missiles
 d - 62 arrows
Armour
 s - a +1 helmet (worn)
 y - a +0 centaur barding (worn)
Jewellery
 j - a +3 amulet of reflection (around neck)
 q - a ring of poison resistance (left hand)
 r - a ring of protection from cold (right hand)
Wands
 t - a wand of polymorph (2)
 w - a wand of iceblast (6)
Scrolls
 b - a scroll of amnesia {unknown}
 e - 2 scrolls of fear {unknown}
 i - a scroll of fog {unknown}
 k - 3 scrolls of remove curse {unknown}
 l - 2 scrolls of teleportation {unknown}
 n - 4 scrolls of identify {unknown}
 x - a scroll of noise {unknown}
Potions
 c - 2 potions of lignification {unknown}
 g - a potion of flight {unknown}
 h - a potion of brilliance {unknown}
 m - a potion of degeneration {unknown}
 o - a potion of mutation {unknown}
 p - a potion of ambrosia {unknown}
 u - 2 potions of heal wounds {unknown}
 v - a potion of agility {unknown}
 z - a potion of haste {unknown}
Books
 A - a book of Cantrips

   Spells                             Type                      Level
   a - Confusing Touch                Hexes                        1
   b - Animate Skeleton               Necromancy                   1
   c - Summon Small Mammal            Summoning                    1
   d - Apportation                    Translocation                1
Comestibles
 f - 9 rations


   Skills:
 + Level 3.6 Fighting
 * Level 8.1 Bows
 + Level 2.8 Dodging
 - Level 0.4 Stealth
 + Level 3.0 Unarmed Combat


You had 5 spell levels left.
You didn't know any spells.

Dungeon Overview and Level Annotations

Branches:
Dungeon (5/15)
 Temple: D:4-7

Altars:
Hepliaklqana
Xom

Annotations:
D:5 Zaque's ghost, amateur DEFE


Innate Abilities, Weirdness & Mutations

You have hooves in place of feet.
Armour fits poorly on your strangely shaped body.
You cover ground very quickly.
You have extremely tough skin. (AC +3)


Message History

The phantom blinks!
The phantom hits you but does no damage.
You hit the phantom but do no damage. Your kick misses the phantom.
The phantom is almost destroyed.
You hit the phantom.
You punch the phantom, but do no damage.
The phantom is almost destroyed.
The phantom hits you!
* * * LOW HITPOINT WARNING * * *
You hit the phantom. Your kick misses the phantom.
The phantom is almost destroyed.
The phantom hits you.
* * * LOW HITPOINT WARNING * * *
You hit the phantom but do no damage.
The phantom is almost destroyed.
The phantom hits you but does no damage.
You barely miss the phantom. Your kick misses the phantom.
The phantom is almost destroyed.
The phantom hits you!
You die...

#..#.# ###...####
#..≈.# ##.## ##.###
#.# #.# #.# #.#
##+## #.# ##<..##
####.# ##.....##
#....## ##.......##
#.#@W.####.........#
#........+.........+
#.#%..####.......[.#
#..#(## ##.......##
##.### ##.....## #.#
##...## #.# ##'##
#.# #.# #.# #.#


You could see a phantom.

Vanquished Creatures
  A sky beast (D:5)
  An orc priest (D:4)
  An iguana (D:5)
  3 worker ants (D:5)
  3 hound skeletons
  Robin (D:3)
  8 adders
  An ooze (D:3)
  3 worms
  5 dart slugs
  3 leopard geckos
  15 orcs
  7 giant cockroaches
  16 goblins
  9 hobgoblins
  8 jackals
  9 kobolds
  4 quokkas
  7 bats
  4 frilled lizards
  7 rats
116 creatures vanquished.

Vanquished Creatures (others)
  5 dream sheep (D:3)
5 creatures vanquished.

Grand Total: 121 creatures vanquished

Notes
Turn   | Place    | Note
-------+----------+-------------------------------------------
     0 | D:1      | Ivernyr the Centaur Hunter began the quest for the Orb.
     0 | D:1      | Reached XP level 1. HP: 17/17 MP: 1/1
   365 | D:1      | Reached XP level 2. HP: 24/24 MP: 2/2
  1063 | D:1      | Reached skill level 1 in Unarmed Combat
  1063 | D:1      | Reached XP level 3. HP: 27/30 MP: 3/3
  1499 | D:2      | Reached skill level 6 in Bows
  2187 | D:2      | Reached XP level 4. HP: 36/37 MP: 4/4
  2813 | D:3      | Found a shimmering altar of Xom.
  2813 | D:3      | Noticed a dream sheep
  2813 | D:3      | Noticed a dream sheep
  2813 | D:3      | Noticed a dream sheep
  2813 | D:3      | Noticed a dream sheep
  2813 | D:3      | Noticed a dream sheep
  2819 | D:3      | Killed a dream sheep
  2821 | D:3      | Killed a dream sheep
  2822 | D:3      | Killed a dream sheep
  2823 | D:3      | Killed a dream sheep
  2824 | D:3      | Killed a dream sheep
  3500 | D:3      | Reached XP level 5. HP: 44/44 MP: 5/5
  3516 | D:3      | Found a hazy altar of Hepliaklqana.
  3674 | D:3      | Noticed Robin
  4069 | D:3      | Killed Robin
  4241 | D:4      | Reached skill level 7 in Bows
  5847 | D:5      | Entered Level 5 of the Dungeon
  5847 | D:5      | Noticed Zaque's ghost (amateur DEFE)
  6122 | D:4      | Reached XP level 6. HP: 29/51 MP: 6/6
  7156 | D:5      | Noticed a sky beast
  7229 | D:5      | Killed a sky beast
  7229 | D:5      | Reached skill level 8 in Bows
  7263 | D:5      | Slain by a phantom

Skill      XL: |  1  2  3  4  5  6 |
---------------+-------------------+-----
Unarmed Combat | 1 2 3 |  3.0
Bows           | 6 7 8 |  8.1
Dodging        | 2 |  2.8
Fighting       | 3 |  3.6
Stealth        | |  0.4

Action                   |  1- 3 |  4- 6 || total
-------------------------+-------+-------++-------
Melee: Unarmed           |   166 |   428 ||   594
       Kick              |    25 |    94 ||   119
       Punch             |       |     3 ||     3
 Fire: Shortbow          |    20 |    41 ||    61
  Eat: Chunk             |     3 |    13 ||    16
Armor: Leather armour    |    19 |       ||    19
       Skin              |    20 |   127 ||   147
Dodge: Dodged            |    83 |   192 ||   275
Block: Other             |     5 |    55 ||    60
       Reflection        |       |     1 ||     1
